 Dungeon Crawl Stone Soup version 0.25.1-9-gc5326a611f (webtiles) character file.

Game seed: 17662757670967178519

26 Caim the Grasshopper (level 3, 24/24 HPs)
             Began as a Halfling Warper on Sept 28, 2020.
             Got out of the dungeon alive.
             The game lasted 00:05:42 (1414 turns).

Caim the Grasshopper (Halfling Warper)              Turns: 1414, Time: 00:05:42

Health: 24/24      AC:  3    Str: 12    XL:     3   Next: 22%
Magic:  6/6        EV: 14    Int: 12    God:
Gold:   34         SH:  0    Dex: 13    Spells: 4/6 levels left

rFire    . . .     SeeInvis .   a - +0 short sword
rCold    . . .     Gourm    .   (shield restricted)
rNeg     . . .     Faith    .   b - +0 leather armour
rPois    .         Spirit   .   (no helmet)
rElec    .         Reflect  .   (no cloak)
rCorr    .         Harm     .   (no gloves)
MR       .....                  (no boots)
Stlth    +.........             (no amulet)
HPRegen  0.08/turn              (no ring)
MPRegen  0.10/turn              (no ring)

@: no status effects
A: small, mutation resistance 1
a: no special abilities


You escaped.
You were hungry.

You visited 1 branch of the dungeon, and saw 2 of its levels.

You collected 34 gold pieces.

Inventory:

Hand Weapons
 a - a +0 short sword (weapon)
 h - a +0 hunting sling
 k - a cursed +0 mace
Missiles
 e - 5 boomerangs of dispersal (quivered)
Armour
 b - a +0 leather armour (worn)
Scrolls
 d - a scroll of blinking
 g - a scroll of amnesia {unknown}
 j - a scroll of identify {unknown}
Potions
 i - a potion of curing {unknown}
Comestibles
 f - 2 rations


   Skills:
 * Level 2.1 Fighting
 + Level 2.8 Short Blades
 + Level 1.0 Throwing
 + Level 1.2 Armour
 * Level 2.4 Dodging
 + Level 2.0 Spellcasting
 + Level 3.4 Translocations


You had 4 spell levels left.
You knew the following spells:

 Your Spells              Type           Power        Failure   Level  Hunger
a - Blink                 Tloc           N/A          13%         2    ###....

Your spell library contained the following spells:

 Spells                   Type           Power        Failure   Level  Hunger
 Shroud of Golubria       Chrm/Tloc      #.....       26%         2    ###....
 Gell's Gravitas          Tloc           #.........   26%         3    ####...
 Lesser Beckoning         Tloc           #.........   26%         3    ####...
 Teleport Other           Tloc           #.......     26%         3    ####...
 Passage of Golubria      Tloc           N/A          63%         4    #####..


Dungeon Overview and Level Annotations

Branches:
Dungeon (2/15)

Altars:


Innate Abilities, Weirdness & Mutations

You are small and have problems with some larger weapons.
You are somewhat resistant to further mutation.


Message History

There is an open door here.
You open the door.
There is an open door here.
There is a stone staircase leading down here.
You climb downwards.
There is a stone staircase leading up here.
Welcome back, Caim the Halfling Warper.
Press ? for a list of commands and other information.
Unknown command.
There is a stone staircase leading up here.
You climb upwards.
There is a stone staircase leading down here.
There is an open door here.
There is an open door here.
You are feeling hungry.
There is a staircase leading out of the dungeon here.
Are you sure you want to leave the Dungeon?
This will make you lose the game!
Uppercase [Y]es or [N]o only, please.
Are you sure you want to leave the Dungeon?
This will make you lose the game!
You have escaped!

#.#.##.# #.#######.# #.#.##.#
#...# #.# #.#>##.# #####+#.###
#.#### #.#....### #.........#
#....# #........# #.#.....#.#
####.# #.###..#.# #.#.....#.#
##..#
#........###.#.....#.####...#####
#.##.........#.....#.+...........
#........##..#..@.)#.#.##...#.###
#####..####..#.....#...###..#.#
#.## ##.#.....#...# ##.#.# #.#
###.#.....#.#.# #..#.# ##.##
#...#.....#.#.# #.##.#
##...###.#.........#.# #.##.#
##)....##.####..#####.###.##.#
##.......#.#####.## #........#
#.............#...## #####.####


There were no monsters in sight!

Vanquished Creatures
  A gnoll (D:1)
  A giant cockroach (D:1)
  5 goblins (D:1)
  3 jackals (D:1)
  A bat (D:1)
  A frilled lizard (D:1)
  2 kobolds (D:1)
  2 rats (D:1)
16 creatures vanquished.

Notes
Turn   | Place    | Note
-------+----------+-------------------------------------------
     0 | D:1      | Caim the Halfling Warper began the quest for the Orb.
     0 | D:1      | Reached XP level 1. HP: 14/14 MP: 3/3
   223 | D:1      | Reached XP level 2. HP: 9/19 MP: 4/4
   841 | D:1      | Learned a level 2 spell: Blink
   854 | D:1      | Reached XP level 3. HP: 24/24 MP: 6/6
  1333 | D:2      | Upgraded the game from 0.25.1-2-g60ff931df9 to
                  | 0.25.1-9-gc5326a611f
  1414 | D:$      | Got out of the dungeon alive.

Illustrated notes

Levels and vault maps discovered:
D:1:      minmay_arrival_semitransparent, layout_loops_corners,
          roderic_lattice_a
D:2:      cheibrodos_helix_gallery, layout_loops_corners, lemuel_doored_altar,
          overflow_temple_1_default, first_ration

Skill      XL: |  1  2 |
---------------+-------+-----
Fighting       | 2 |  2.1
Spellcasting   | 2 |  2.0
Short Blades   | |  2.8
Throwing       | |  1.0
Armour         | |  1.2
Dodging        | |  2.4
Translocations | |  3.4

Action                   || total
-------------------------++-------
Melee: Short sword       ||    72
  Eat: Chunk             ||     1
Armor: Leather armour    ||    19
Dodge: Dodged            ||    55
